 Dungeon Crawl Stone Soup version 0.30-a0-373-gd37427bb62 (webtiles) character file.

Game seed: 16823379642675555438

35 funkygono the Firebug (level 3, 0/24 HPs)
             Began as a Demonspawn Fire Elementalist on Nov 24, 2022.
             Slain by Terence
             ... wielding a +2 falchion of electrocution
              (2 damage)
             ... on level 2 of the Dungeon.
             The game lasted 00:02:28 (1870 turns).

funkygono the Firebug (DsFE)                        Turns: 1870, Time: 00:02:28

Health: 0/24       AC:  3    Str:  8    XL:     3   Next: 16%
Magic:  4/6        EV: 12    Int: 18    God:
Gold:   79         SH:  0    Dex: 13    Spells: 0/6 levels left

rFire   . . .      SeeInvis .    f - +0 whip
rCold   . . .      Faith    .    (no shield)
rNeg    + . .      Spirit   .    a - +0 robe
rPois   .          Reflect  .    (no helmet)
rElec   .          Harm     .    (no cloak)
rCorr   .          Rampage  .    e - +0 pair of gloves
Will    .....                    (no boots)
Stlth   ++........               (no amulet)
HPRegen 0.24/turn                k - ring of wizardry
MPRegen 0.10/turn                g - ring of positive energy

@: very slightly contaminated
A: ignite blood 1
a: no special abilities


You were on level 2 of the Dungeon.
You visited 1 branch of the dungeon, and saw 2 of its levels.

You collected 79 gold pieces.

Inventory:

Hand Weapons
 f - a +0 whip (weapon)
Armour
 a - a +0 robe (worn)
 e - a +0 pair of gloves (worn)
Jewellery
 g - a ring of positive energy (right hand)
 k - a ring of wizardry (left hand)
Scrolls
 d - a scroll of summoning {unknown}
 h - a scroll of identify
 j - 2 scrolls of teleportation
Potions
 c - a potion of flight
 i - a potion of brilliance {unknown}


   Skills:
 + Level 0.1 Maces & Flails
 + Level 2.0 Dodging
 - Level 1.7 Stealth
 + Level 2.4 Spellcasting
 + Level 1.4 Conjurations
 + Level 3.3 Fire Magic


You couldn't memorise any spells.
You knew the following spells:

 Your Spells              Type           Power      Damage    Failure   Level
a - Foxfire               Conj/Fire      40%        2x1d6     2%          1
b - Scorch                Fire           28%        2d6       2%          2
c - Kindle Blastsparks    Fire/Tloc/Air  12%        2d11      13%         3

Your spell library contained the following spells:

 Spells                   Type           Power      Damage    Failure   Level
 Apportation              Tloc           4%         N/A       7%          1
 Beastly Appendage        Tmut           4%         N/A       7%          1
 Necrotise                Necr           8%         1d4       7%          1
 Summon Small Mammal      Summ           8%         N/A       7%          1
 Wereblood                Tmut           2%         N/A       11%         2
 Inner Flame              Hex/Fire       8%         N/A       11%         3
 Spider Form              Tmut/Pois      2%         N/A       21%         3
 Flame Wave               Conj/Fire      10%        2d6       26%         4


Dungeon Overview and Level Annotations

Branches:
Dungeon (2/15)

Altars:

Shops:
D:1 [

Annotations:
D:2 Terence


Innate Abilities, Weirdness & Mutations

Your demonic aura sometimes causes spilled blood to erupt in flames.


Message History

Confirm with . or Enter, or press ? or * to list all spells.
You conjure some foxfire!
Casting: Foxfire (safe; 2% risk of failure)
Confirm with . or Enter, or press ? or * to list all spells.
You conjure some foxfire!
The foxfire hits Terence.
Terence is lightly wounded.
The foxfire hits Terence.
Terence is moderately wounded.
The foxfire hits Terence.
Terence is heavily wounded.
The foxfire hits Terence.
Terence is severely wounded.
Casting: Foxfire (safe; 2% risk of failure)
Confirm with . or Enter, or press ? or * to list all spells.
You conjure some foxfire!
Terence attacks as you move away! Terence barely misses you.
The foxfire hits Terence.
Terence is severely wounded.
The foxfire hits Terence but does no damage.
Terence is severely wounded.
You hit Terence.
Terence is severely wounded.
Terence closely misses you.
You hit Terence but do no damage.
Terence is severely wounded.
Terence hits you with a +2 falchion of electrocution.
You hit Terence but do no damage.
Terence is severely wounded.
Terence hits you with a +2 falchion of electrocution.
Magic courses through your body.
Terence hits you with a +2 falchion of electrocution!
* * * LOW HITPOINT WARNING * * *
Casting: Foxfire (safe; 2% risk of failure)
Confirm with . or Enter, or press ? or * to list all spells.
You miscast Scorch.
You are very lightly contaminated with residual magic.
Nothing appears to happen.
Terence says, "Rest in peace."
Terence hits you with a +2 falchion of electrocution.
You die...

.# #..# #....### ..
##..# #......# ... .....
###....#.# .......
.....#.##.# ##..#
###..#.##.#
####..#####..#.##.######
#..............##......#
#..#..###......#######.#
#......@@○.#.# #.#
##.$#####.##.# #.# #.###
#.##.# #.# ..# #.##.#
#.# ##. #.##.# #.# #
#.##.# #.# .(##.# #.#
####.#######.#
#...†..##.#


You could see Terence.

Vanquished Creatures
  5 ball pythons
  2 bats (D:1)
  5 endoplasms
  2 goblins
  2 hobgoblins
  3 jackals (D:1)
  A quokka (D:1)
  2 frilled lizards (D:1)
  4 kobolds (D:1)
  3 rats
29 creatures vanquished.

Vanquished Creatures (others)
  72 foxfires
72 creatures vanquished.

Grand Total: 101 creatures vanquished

Notes
Turn   | Place    | Note
-------+----------+-------------------------------------------
     0 | D:1      | funkygono the Demonspawn Fire Elementalist began the quest
                  | for the Orb.
     0 | D:1      | Reached XP level 1. HP: 13/13 MP: 3/3
   292 | D:1      | Reached skill level 3 in Fire Magic
   398 | D:1      | Gained mutation: Your demonic aura sometimes causes spilled
                  | blood to erupt in flames. [demonic ancestry]
   398 | D:1      | Reached XP level 2. HP: 19/19 MP: 1/5
   401 | D:1      | Learned a level 2 spell: Scorch
   488 | D:1      | Found Kast's Armour Emporium.
  1473 | D:1      | Reached XP level 3. HP: 24/24 MP: 3/6
  1477 | D:1      | Learned a level 3 spell: Kindle Blastsparks
  1857 | D:2      | Noticed Terence
  1870 | D:2      | Slain by Terence

Illustrated notes

Levels and vault maps discovered:
D:1:      minmay_arrival_jagged, layout_basic, serial_shops,
          nicolae_shop_temple_entry_statues_fountains, nrook_uturn,
          minmay_misc_feat_alley, nicolae_concentric_dashed_squares_mild,
          minmay_tripent
D:2:      layout_loops_ring, kennysheep_generic_room_9, uniq_terence

Skill      XL: |  1  2 |
---------------+-------+-----
Fire Magic     | 3 |  3.3
Dodging        | 2 |  2.0
Maces & Flails | |  0.1
Stealth        | |  1.7
Spellcasting   | |  2.4
Conjurations   | |  1.4

Action                   || total
-------------------------++-------
Melee: Whip              ||     5
 Cast: Foxfire           ||    44
       Scorch            ||     5
  Use: Scroll            ||     5
       Potion            ||     1
Armor: Robe              ||     4
Dodge: Dodged            ||     7

Table legend: (Time is in decaauts)
 A = Elapsed time spent in this place.
 B = Non-inter-level travel time spent in this place.
 C = Inter-level travel time spent in this place.
 D = Time resting spent in this place.
 E = Time spent auto-exploring this place.
 F = Levels seen in this place.
 G = Mean time per level.
                   A        B        C        D        E       F      G
               +--------+--------+--------+--------+--------+-----+--------+
         Total |   1868 |   1852 |     16 |      0 |   1641 |   2 |  934.0 |
       Dungeon |   1868 |   1852 |     16 |      0 |   1641 |   2 |  934.0 |
               +--------+--------+--------+--------+--------+-----+--------+

Top non-repeatable levels by time:
     D:1: 1655 daAuts
     D:2: 213 daAuts
